Map: Dusk Towers

Players

IKizzy - Winner!

  • Race: Terran Terran
  • League: Master

SixthElement

  • Race: Zerg Zerg
  • League: Master

VOD

Have the link to the VOD?

Description

Time

  • Played on: Jan. 28, 2016, 7:34 p.m.
  • Length: 26:43
Show
View Real Time Build Order
Export as new Build Order

IKizzy Terran - Winner!

Build Orders: Liberator Opening, Reaper Expand, MMM Bio 

Get SALT Encoding   

  12  0:00  SCV  
  13  0:14  SCV  
  13  0:20  Supply Depot  
  14  0:26  SCV  
  15  0:42  SCV  
  16  0:44  Barracks  
  16  0:48  Refinery  
  16  0:54  SCV  
  17  1:06  SCV  
  18  1:18  SCV  
  19  1:31  Orbital Command  
  19  1:32  Reaper  
  20  1:40  Command Center  
  20  1:51  Supply Depot  
  20  1:57  SCV  
  21  2:09  SCV  
  21  2:10  Barracks Reactor  
  21  2:13  Refinery  
  22  2:21  SCV  
  23  2:27  Factory  
  23  2:34  SCV  
  24  2:46  SCV  
  24  2:50  Marine x2  
  27  2:52  Orbital Command  
  27  2:58  SCV  
  28  3:08  Marine x2  
  28  3:10  SCV  
  31  3:13  Factory Tech Lab, Starport  
  31  3:19  SCV  
  32  3:22  SCV  
  32  3:25  Marine  
  32  3:26  Marine  
  35  3:31  SCV  
  35  3:33  Liberator  
  36  3:35  SCV  
  36  3:41  Command Center  
  37  3:43  SCV  
  37  3:49  Siege Tank  
  37  3:50  Marine  
  37  3:51  Marine  
  37  3:53  SCV  
  46  4:05  Supply Depot  
  46  4:06  Supply Depot  
  46  4:27  SCV x2  
  46  4:28  Armory  
  46  4:30  Hellion x2  
  52  4:32  Stimpack, Marine  
  52  4:37  Refinery  
  53  4:40  SCV x2, Refinery, Supply Depot  
  53  4:42  Supply Depot  
  53  4:45  Starport Reactor  
  55  4:53  SCV x2  
  55  4:55  Orbital Command  
  57  5:00  Barracks  
  57  5:01  Barracks  
  57  5:05  SCV x2  
  59  5:07  Liberator  
  59  5:09  Hellion x2  
  59  5:12  Marauder  
  59  5:14  Liberator  
  65  5:20  SCV x2, Terran Vehicle Weapons Level 1  
  73  5:38  Marine  
  73  5:39  Hellion x2  
  78  5:43  SCV x2  
  78  5:44  Orbital Command  
  80  5:57  Barracks Tech Lab  
  80  5:58  Barracks Reactor  
  80  5:59  SCV x2  
  80  6:01  Hellion x2  
  86  6:05  Marine  
  86  6:09  Medivac  
  89  6:13  Barracks, Medivac  
  89  6:14  Barracks  
  91  6:19  Marine  
  91  6:21  SCV  
  91  6:23  Combat Shields  
  93  6:26  Engineering Bay  
  93  6:27  Engineering Bay  
  93  6:40  Marine  
  93  6:41  SCV  
  93  6:43  SCV  
  73  6:55  Marine x3  
  73  6:59  Marauder  
  71  7:01  Medivac x2  
  71  7:02  Barracks Reactor, Barracks Tech Lab  
  71  7:04  SCV x2  
  77  7:08  Factory Tech Lab, SCV  
  77  7:09  Bunker x2  
  77  7:11  Terran Infantry Weapons Level 1, Terran Infantry Armor Level 1  
  77  7:13  Marine  
  77  7:14  Marauder  
  81  7:15  Refinery  
  81  7:16  SCV x2, Concussive Shells  
  81  7:17  Starport  
  80  7:31  Marine  
  80  7:32  Marauder, Marine x2  
  80  7:34  Medivac x2  
  80  7:35  Marauder  
  80  7:36  SCV  
  80  7:37  SCV  
  93  7:39  Refinery  
  93  7:48  Factory  
  93  8:00  Supply Depot  
  93  8:04  Liberator  
  93  8:05  Supply Depot  
  93  8:06  Supply Depot  
  93  8:07  Supply Depot  
  93  8:21  SCV, Marauder, Medivac  
  93  8:25  Barracks  
  93  8:26  SCV, Siege Tank, Barracks, Marine x2  
  93  8:27  SCV, Marine x2, Marauder  
  109  8:28  Terran Vehicle Weapons Level 2, Marauder  
  109  8:33  Factory Tech Lab, SCV  
  115  8:38  SCV  
  115  8:39  SCV  
  117  8:43  Marauder  
  117  8:45  Marine  
  117  8:47  Marine x2  
  117  8:48  Marauder, Marine  
  119  8:49  Marauder  
  119  8:50  SCV x2  
  119  8:54  Supply Depot  
  123  8:55  Supply Depot  
  123  8:59  Medivac  
  123  9:00  Command Center  
  125  9:08  Supply Depot x2  
  125  9:11  Supply Depot  
  125  9:15  SCV x2, Siege Tank, Marine  
  125  9:16  Barracks Tech Lab x2, Marauder  
  133  9:17  Marine, Marauder  
  133  9:18  Marauder  
  138  9:24  Terran Infantry Weapons Level 2  
  138  9:25  Terran Infantry Armor Level 2  
  138  9:30  Marine x2  
  140  9:33  Marine  
  140  9:37  Marauder  
  141  9:53  Missile Turret  
  141  9:55  Missile Turret  
  141  9:56  Thor x2, Missile Turret, Medivac  
  141  9:57  Marauder x2, Marine x2  
  141  9:58  Marauder  
  143  10:16  Marine  
  143  10:17  Marauder, Marine x3  
  143  10:18  SCV, Medivac, Marauder  
  143  10:19  SCV  
  154  10:34  Marauder, Marine x2  
  158  10:35  Missile Turret  
  158  10:36  Missile Turret  
  158  10:39  Siege Tank  
  158  10:41  Missile Turret, Liberator  
  158  10:42  Marine x2, Siege Tank, Liberator x2  
  165  10:44  Starport  
  165  10:47  Missile Turret  
  161  10:52  Missile Turret  
  147  11:12  Missile Turret  
  147  11:13  Missile Turret  
  147  11:14  Planetary Fortress  
  147  11:15  Missile Turret  
  147  11:18  Marine x3  
  147  11:19  SCV, Marauder x2  
  147  11:20  SCV  
  156  11:27  Starport Tech Lab  
  156  11:34  Missile Turret x2  
  156  11:38  Marine x4  
  156  11:39  Marauder x2  
  164  11:42  Marauder, Marine x2  
  164  11:46  SCV x2  
  170  11:47  SCV  
  170  11:48  Terran Infantry Weapons Level 3  
  170  11:52  Refinery x2  
  171  11:58  SCV x2  
  159  12:24  Marine  
  159  12:25  Marine  
  161  12:31  SCV x2  
  161  12:32  Marine x4  
  161  12:33  Marauder x2, Marine  
  161  12:35  Command Center x2  
  172  12:42  Marine  
  173  12:45  Fusion Core  
  151  13:06  Liberator  
  151  13:10  Marine x5  
  151  13:11  Marauder x3  
  138  13:17  Marine  
  121  13:22  Siege Tank x2  
  130  13:28  Marine x4  
  130  13:29  Marauder  
  130  13:32  Marauder, Marine x2  
  136  13:36  Marauder  
  136  13:40  SCV x2  
  136  13:41  SCV  
  131  13:42  Terran Infantry Armor Level 3  
  131  13:45  Marine  
  131  13:47  Missile Turret  
  129  13:49  Missile Turret  
  129  13:50  Marauder  
  131  14:00  Marine x3  
  131  14:01  Marauder  
  136  14:06  Planetary Fortress  
  122  14:19  Missile Turret  
  115  14:25  Marine  
  115  14:26  Marauder, Marine x3  
  115  14:27  Marauder  
  108  14:34  SCV x2  
  110  14:40  Liberator  
  110  14:41  Liberator  
  110  14:46  Marine x2  
  110  14:47  Marauder  
  114  14:56  Marine x5  
  114  14:57  Siege Tank x2, Missile Turret, Marauder  
  133  15:00  Missile Turret  
  133  15:04  Missile Turret  
  133  15:08  Marauder  
  135  15:20  Planetary Fortress  
  135  15:29  Marine x5  
  135  15:30  Marauder x2  
  143  15:54  Marine  
  144  15:59  Command Center, SCV  
  144  16:00  SCV x2, Supply Depot x2  
  144  16:02  Supply Depot, Marine  
  144  16:03  Marauder, Marine  
  151  16:10  Advanced Ballistics  
  151  16:12  Hi-Sec Auto Tracking  
  151  16:13  Marine  
  151  16:15  SCV x2  
  151  16:16  Marine x2  
  151  16:17  Marauder  
  158  16:19  Building Armor  
  158  16:22  Liberator  
  158  16:24  Liberator  
  158  16:26  Marine x2  
  158  16:27  Marauder, Marine x2  
  164  16:34  Marine, Refinery x2, Sensor Tower, Marauder  
  164  16:35  Marine  
  164  16:36  Siege Tank x2  
  164  16:37  Marine  
  178  16:44  Marine x2  
  178  16:45  Marauder x2  
  187  16:54  Marauder, Marine x2  
  182  16:55  Marine, Medivac  
  182  16:56  Marauder  
  191  17:02  Marine  
  191  17:08  Siege Tank  
  195  17:13  Marine x2  
  195  17:14  Marauder, Marine  
  200  17:43  Marine  
  200  17:44  Marauder, Marine  
  196  17:55  Marine x2  
  196  17:56  Marauder  
  194  18:11  Planetary Fortress  
  189  18:20  Marauder, Marine x3  
  189  18:21  Marauder  
  196  18:30  Marine x2  
  196  18:31  Marauder  
  200  18:44  Missile Turret  
  200  18:46  Liberator x4  
  200  18:47  Liberator  
  200  18:48  Missile Turret  
  183  18:54  Marine x4  
  183  18:55  Marauder x2  
  167  19:02  Marine x2  
  157  19:03  Siege Tank x2, Marauder  
  157  19:07  Refinery  
  157  19:08  Refinery  
  157  19:09  Missile Turret  
  175  19:11  Missile Turret  
  175  19:12  Marine  
  175  19:16  Marauder  
  146  19:46  Medivac x4  
  137  19:59  Liberator  
  120  20:02  Marine x6  
  120  20:03  Marauder x3  
  120  20:04  Siege Tank x2  
  120  20:05  Medivac  
  137  20:08  Liberator  
  123  20:16  Command Center x2, Medivac  
  123  20:17  Liberator  
  123  20:19  Marine  
  123  20:20  Marine  
  123  20:21  Marauder x2  
  131  20:22  Marine x2  
  131  20:24  Marauder, Marine  
  131  20:25  Medivac, Marauder  
  146  20:36  Siege Tank x2  
  146  20:37  Liberator, Marine  
  146  20:42  Marauder x2, Liberator, Marine x4  
  161  20:46  Medivac, Marauder  
  161  20:47  Terran Vehicle Weapons Level 3  
  165  20:51  Weapon Refit  
  168  20:59  Refinery  
  168  21:02  Marine x2  
  168  21:03  Marauder, Marine  
  168  21:04  Marine  
  177  21:05  Starport  
  177  21:07  Starport  
  177  21:08  Siege Tank  
  180  21:16  Missile Turret  
  180  21:18  Refinery  
  180  21:20  Missile Turret  
  169  21:32  Marine x4  
  167  21:33  Marauder x2  
  167  21:36  Planetary Fortress  
  167  21:38  Liberator  
  167  21:49  Refinery  
  167  21:52  Marine x5  
  167  21:53  Siege Tank x2, Marauder x2  
  182  21:57  Starport Tech Lab  
  182  21:58  Starport Tech Lab  
  185  22:26  Marine x3  
  185  22:27  Marauder  
  153  22:51  Marine x4  
  144  22:52  Marauder x2  
  144  22:56  Marine x3  
  144  22:57  Siege Tank x2  
  144  22:58  Battlecruiser  
  160  23:08  Marine  
  161  23:13  Marauder  
  147  23:27  Marine x4  
  147  23:28  Marauder x2, Marine x2  
  147  23:29  Battlecruiser, Siege Tank x2  
  169  23:34  Marauder  
  169  23:40  Planetary Fortress  
  171  23:50  Liberator x2  
  204  24:10  Orbital Command  
  177  24:25  Marine x2  
  177  24:26  Marauder x3, Marine x2  
  177  24:28  Siege Tank x2  
  193  24:59  Marine  
  193  25:00  Marauder x2, Marine x2  
  196  25:30  Marauder, Marine x2  
  187  25:50  Viking x3  
  187  25:51  Viking x3  
  142  26:07  Marine x2  
  142  26:10  Marine x3  
  142  26:11  Marauder x2  
  133  26:13  Marine x2  
  134  26:24  Marine x2  
Show
View Real Time Build Order
Export as new Build Order

SixthElement Zerg 

Build Orders: Hatch First, Muta Ling Bane 

Get SALT Encoding   

  12  0:01  Drone  
  13  0:12  Overlord  
  13  0:17  Drone  
  14  0:27  Drone, Extractor  
  15  0:30  Drone  
  15  0:34  Drone  
  17  0:56  Hatchery  
  16  0:57  Drone  
  16  1:00  Extractor  
  16  1:02  Drone  
  17  1:17  Spawning Pool  
  16  1:22  Drone x2  
  18  1:28  Drone  
  19  1:39  Drone  
  20  1:49  Overlord  
  20  2:03  Queen  
  22  2:08  Queen  
  22  2:09  Zergling x2  
  22  2:10  Zergling x2  
  22  2:11  Drone  
  22  2:15  Metabolic Boost  
  27  2:19  Drone  
  27  2:22  Drone  
  29  2:39  Drone x2, Queen  
  29  2:40  Overlord  
  33  2:45  Drone  
  34  2:52  Drone  
  34  2:53  Overlord  
  35  3:01  Roach Warren  
  35  3:02  Drone  
  35  3:16  Drone  
  35  3:17  Hatchery  
  35  3:23  Drone x3  
  35  3:24  Drone  
  39  3:28  Drone x2  
  39  3:31  Drone  
  39  3:33  Drone  
  43  3:35  Extractor  
  43  3:36  Extractor  
  41  3:41  Drone  
  41  3:42  Drone  
  41  3:43  Drone  
  44  3:52  Drone x5  
  49  3:57  Queen  
  49  4:01  Drone  
  52  4:07  Lair  
  52  4:13  Spore Crawler  
  52  4:16  Spore Crawler  
  52  4:17  Drone  
  50  4:18  Drone x2  
  50  4:20  Extractor  
  50  4:21  Roach  
  52  4:34  Evolution Chamber x2  
  52  4:36  Drone x3  
  52  4:37  Roach x2  
  57  4:48  Drone  
  57  4:49  Overlord x3  
  58  5:00  Zerg Missile Weapons Level 1, Zerg Ground Armor Level 1  
  58  5:06  Glial Reconstitution  
  58  5:08  Overseer  
  58  5:09  Pneumatized Carapace  
  58  5:18  Drone  
  58  5:19  Drone  
  58  5:20  Spire  
  58  5:21  Drone  
  60  5:22  Drone x3  
  60  5:23  Drone  
  60  5:26  Drone  
  60  5:28  Drone  
  66  5:29  Zergling x2  
  66  5:32  Roach  
  69  5:36  Roach x2  
  69  5:40  Overlord  
  73  5:51  Overlord x2  
  73  5:55  Extractor  
  73  5:56  Extractor  
  71  6:02  Overlord x3  
  71  6:08  Queen  
  71  6:10  Drone  
  71  6:11  Drone x5  
  79  6:22  Ravager x5  
  79  6:23  Ravager, Roach  
  79  6:24  Roach x3  
  93  6:26  Roach  
  95  6:35  Roach x3  
  84  6:58  Roach x3  
  84  6:59  Roach x5  
  84  7:00  Drone x3  
  102  7:01  Drone  
  102  7:08  Drone x2  
  104  7:12  Drone  
  104  7:15  Drone  
  106  7:16  Overlord x2  
  106  7:19  Hatchery  
  106  7:20  Ravager  
  106  7:22  Overseer  
  106  7:24  Zerg Flyer Weapons Level 1  
  106  7:28  Infestation Pit  
  97  7:30  Overlord  
  97  7:33  Ravager  
  97  7:35  Zerg Ground Armor Level 2, Zerg Missile Weapons Level 2  
  99  7:37  Drone  
  99  7:38  Drone  
  99  7:39  Drone x2  
  99  7:41  Drone  
  103  7:45  Drone x3  
  103  7:46  Drone  
  103  7:49  Drone  
  103  7:50  Drone x3  
  111  7:52  Drone  
  112  8:02  Drone x2  
  112  8:03  Drone x5  
  112  8:04  Drone  
  117  8:14  Roach x2  
  117  8:18  Drone  
  117  8:19  Overlord x4, Baneling Nest  
  121  8:30  Hive, Queen x2  
  121  8:33  Mutalisk, Extractor  
  121  8:34  Mutalisk, Extractor  
  126  8:39  Mutalisk x3  
  133  8:49  Mutalisk x4  
  133  8:52  Mutalisk x2  
  145  8:58  Drone x3  
  145  8:59  Mutalisk  
  150  9:04  Centrifical Hooks  
  150  9:09  Drone x3  
  153  9:14  Zergling x10  
  153  9:15  Zergling x2  
  159  9:18  Zergling x2  
  159  9:24  Zerg Flyer Armor Level 1, Extractor  
  159  9:25  Hatchery  
  159  9:27  Zergling x4  
  159  9:28  Zergling x2, Extractor  
  159  9:29  Overlord x4  
  160  9:45  Drone x2  
  154  9:52  Mutalisk  
  154  9:53  Mutalisk x7  
  154  9:58  Mutalisk  
  169  10:03  Zergling x16  
  169  10:04  Zergling x2  
  177  10:10  Zerg Melee Weapons Level 1  
  169  10:17  Corruptor x2  
  169  10:18  Corruptor x2  
  171  10:33  Zerg Ground Armor Level 3  
  171  10:35  Drone x2  
  172  10:36  Drone  
  172  10:37  Drone x3  
  172  10:40  Overlord, Queen  
  179  10:43  Zergling x2  
  179  10:44  Zergling x26  
  191  10:55  Zergling x14  
  192  11:08  Zergling x4  
  192  11:09  Zergling x12  
  200  11:12  Drone  
  200  11:13  Overlord x5  
  200  11:16  Baneling  
  200  11:17  Baneling x15  
  200  11:18  Baneling x3  
  190  11:26  Hatchery, Zerg Flyer Armor Level 2  
  190  11:30  Ultralisk Cavern  
  188  11:33  Overlord  
  188  11:34  Overlord  
  188  11:38  Zergling x12  
  188  11:39  Zergling x12  
  200  11:55  Baneling  
  200  11:56  Baneling x10  
  165  12:20  Roach  
  165  12:22  Ultralisk x5  
  185  12:23  Ultralisk  
  185  12:26  Baneling  
  185  12:27  Baneling x15  
  185  12:32  Zergling x4  
  185  12:33  Zergling x6  
  185  12:35  Baneling x2  
  185  12:36  Baneling x4  
  190  12:41  Zergling x6  
  190  12:42  Zergling x4  
  190  12:43  Zergling x2  
  190  12:44  Zergling x2  
  188  13:05  Zergling x22  
  176  13:06  Zergling x18  
  176  13:12  Zergling x2  
  159  13:13  Zergling x14  
  159  13:14  Zergling x4  
  159  13:16  Zergling x4  
  159  13:18  Zergling x2  
  145  13:21  Zergling x4  
  145  13:25  Baneling x10  
  145  13:26  Baneling x2  
  135  13:40  Zergling x2  
  135  13:41  Zergling x18  
  143  13:52  Baneling x10  
  143  13:53  Baneling x16  
  143  13:55  Zergling x8  
  147  14:04  Zergling x2  
  147  14:05  Zergling x12  
  141  14:21  Zergling x2  
  141  14:22  Zergling x28  
  130  14:27  Zergling x2  
  130  14:28  Zergling x8  
  130  14:30  Roach  
  128  14:34  Baneling x9  
  128  14:48  Baneling x11  
  128  14:53  Chitinous Plating  
  128  14:57  Adrenal Glands  
  128  15:05  Hatchery  
  127  15:08  Ultralisk  
  127  15:10  Zergling x6  
  136  15:34  Ultralisk  
  142  15:39  Hatchery  
  137  15:53  Ultralisk  
  137  15:55  Ultralisk  
  149  16:12  Ultralisk  
  155  16:19  Ultralisk  
  155  16:25  Drone  
  162  16:36  Ultralisk  
  168  16:51  Queen  
  168  16:52  Extractor  
  168  16:56  Drone x3, Extractor  
  154  17:11  Corruptor x6  
  154  17:15  Zergling x4  
  161  17:25  Corruptor x3  
  162  17:43  Hatchery, Zergling x14  
  161  17:55  Zergling x14  
  168  18:09  Zergling x2  
  168  18:10  Zergling x18  
  172  18:24  Zergling x2  
  172  18:25  Zergling x20  
  183  18:36  Drone x3  
  183  18:37  Drone x4  
  169  18:59  Zergling x2  
  169  19:00  Zergling x28  
  169  19:01  Zergling x2  
  180  19:14  Baneling x8  
  180  19:15  Baneling  
  180  19:20  Zergling x6, Baneling  
  180  19:21  Zergling x2  
  177  19:31  Hatchery  
  117  19:55  Zergling x6  
  102  20:05  Ultralisk x4  
  115  20:08  Zergling x2  
  115  20:09  Zergling x8  
  110  20:16  Zergling x10  
  103  20:25  Corruptor  
  103  20:27  Corruptor  
  107  20:32  Baneling x3  
  107  20:33  Baneling x2  
  107  20:43  Corruptor  
  107  20:47  Drone x3  
  112  20:55  Zerg Melee Weapons Level 2  
  112  21:07  Corruptor x2  
  112  21:09  Extractor  
  115  21:12  Baneling x4  
  115  21:13  Extractor, Baneling  
  108  21:28  Corruptor x2  
  108  21:29  Corruptor x2  
  114  21:34  Baneling x3  
  114  21:45  Zergling x4  
  116  21:48  Extractor  
  116  21:49  Hatchery  
  116  21:53  Extractor  
  113  21:59  Zergling x14  
  113  22:00  Zergling x6  
  123  22:15  Corruptor x2  
  123  22:16  Corruptor x2  
  108  22:43  Zergling x30  
  108  22:44  Zergling x2  
  117  22:53  Zergling x10  
  122  22:59  Zergling x6  
  122  23:05  Greater Spire  
  125  23:13  Extractor  
  125  23:16  Extractor  
  111  23:28  Ultralisk x2  
  111  23:33  Baneling x5  
  123  23:41  Drone  
  123  23:42  Drone x3  
  123  23:44  Baneling  
  123  23:45  Baneling  
  123  23:46  Baneling  
  123  23:47  Baneling  
  127  23:48  Baneling  
  127  23:59  Zerg Melee Weapons Level 3  
  127  24:06  Overlord  
  127  24:32  Brood Lord  
  127  24:33  Brood Lord  
  131  24:38  Zergling x2  
  131  24:39  Zergling x4  
  131  24:41  Hatchery  
  133  24:58  Hatchery  
  128  25:22  Zergling x8  
  128  25:23  Zergling x8  
  114  25:56  Zergling x12  
  82  26:05  Zergling x10  
  77  26:13  Corruptor x3  
Tags
 
Add a new tag
Caveats
  • Supply blocks, unpowered buildings, or Contaminate may cause inaccurate times.
  • Supply counts are checked every 10 seconds.